 Dungeon Sprint DCSS version 0.17-a0-1651-gae1a69f (webtiles) character file.

2063 Kidiri the Covert (level 9, -2/39 HPs)
             Began as a Spriggan Enchanter on Aug 14, 2015.
             Was a Believer of Dithmenos.
             Shot with an arrow by a centaur warrior (15 damage)
             ... in the Dungeon (Sprint III: "The Ten Rune Challenge").
             The game lasted 00:06:09 (1608 turns).

Kidiri the Covert (Spriggan Enchanter)              Turns: 1608, Time: 00:06:09

Health: -2/39      AC:  5    Str:  6    XL:     9   Next: 5%
Magic:  16/24      EV: 29    Int: 18    God:    Dithmenos [**....]
Gold:   44         SH:  0    Dex: 18    Spells: 8 memorised, 2 levels left

rFire  . . .     SeeInvis +     a - +1 dagger
rCold  . . .     Clarity  .     b - +1 robe
rNeg   . . .     SustAt   .     (shield restricted)
rPois  .         Gourm    .     (helmet restricted)
rElec  .         Spirit   .     l - +0 cloak
rCorr  .         Warding  .     (gloves unavailable)
rMut   .         NoTele   +     (boots unavailable)
MR     ++...                    (no amulet)
Stlth  ++++++++..               (no ring)
                                (no ring)

@: wreathed by umbra, very quick, very resistant to hostile enchantments,
extraordinarily stealthy
A: unfitting armour, hooves 1, molten scales 1, see invisible, herbivore 3,
speed 3, magic resistance 1, slow metabolism 2, strong 1
a: Shadow Step, Renounce Religion


You were in the Dungeon.
You worshipped Dithmenos.
Dithmenos was pleased with you.
You were not hungry.

You visited 1 branch You collected 44 gold pieces.

Inventory:

Hand weapons
 a - a +1 dagger (weapon)
Armour
 b - a +1 robe (worn)
 l - a +0 cloak (worn)
Scrolls
 j - a scroll of blinking
 n - 2 scrolls of torment
 p - 2 scrolls of remove curse
Potions
 e - a potion of curing
 f - 2 potions of heal wounds
 g - 2 potions of haste
 h - 2 potions of magic
 i - a potion of berserk rage
 r - 4 potions of flight
 s - 2 potions of cure mutation
Books
 u - a book of Ice

   Spells                             Type                      Level
   a - Ice Form                       Ice/Transmutation            4
   b - Metabolic Englaciation         Hexes/Ice                    5
   c - Ozocubu's Refrigeration        Ice                          6
   d - Bolt of Cold                   Conjuration/Ice              6
   e - Freezing Cloud                 Conjuration/Ice/Air          6
   f - Simulacrum                     Ice/Necromancy               6
Comestibles
 d - a bread ration
 q - 3 royal jellies


   Skills:
 + Level 6.9 Short Blades
 * Level 12.6 Dodging
 * Level 13.8 Stealth
 * Level 10.7 Spellcasting
 + Level 4.0 Conjurations
 + Level 8.4 Hexes
 + Level 4.9 Ice Magic
 + Level 3.4 Air Magic
 + Level 3.6 Poison Magic
 - Level 2.7 Invocations


You had 2 spell levels left.
You knew the following spells:

 Your Spells              Type           Power        Failure   Level  Hunger
a - Corona                Hex            #####..      1%          1    None
b - Ensorcelled Hibernat  Hex/Ice        ####..       1%          2    None
c - Confuse               Hex            #####...     1%          3    None
d - Tukima's Dance        Hex            #####...     1%          3    None
e - Dazzling Spray        Conj/Hex       ####....     1%          3    None
f - Mephitic Cloud        Conj/Pois/Air  ###.....     6%          3    None
g - Freezing Cloud        Conj/Ice/Air   ###.......   99%         6    ######.
h - Poisonous Cloud       Conj/Pois/Air  ###.......   100%        6    ######.


Dungeon Overview and Level Annotations

Branches:
Dungeon (1/1)

Altars:
Cheibriados
Dithmenos
Elyvilon
Fedhas
Gozag
Kikubaaqudgha
Makhleb
Nemelex Xobeh
Okawaru
Qazlal
Ru
Sif Muna
Trog
Vehumet
Xom
Yredelemnul
Zin
The Shining One
Jiyva
Lugonu


Innate Abilities, Weirdness & Mutations

You are tiny and cannot use many weapons and most armour.
You have supernaturally acute eyesight.
You are a herbivore.
You cover ground extremely quickly.
You need consume almost no food.
You have large cloven feet.
You are partially covered in molten scales (AC +1).
You are resistant to hostile enchantments.
Your muscles are strong. (Str +2)


Message History

The centaur warrior is lightly wounded.
The centaur warrior is dazzled.
The centaur misses you.
Unknown command.
You hit the centaur warrior but do no damage.
You kick the centaur warrior, but do no damage.
The centaur warrior is lightly wounded.
The centaur completely misses you.
You hit the centaur warrior but do no damage.
You kick the centaur warrior, but do no damage.
The centaur warrior is lightly wounded.
The centaur warrior hits you!
You hit the centaur warrior.
The centaur warrior is lightly wounded.
The centaur warrior completely misses you.
You hit the centaur warrior.
You kick the centaur warrior, but do no damage.
The centaur warrior is lightly wounded.
The centaur warrior wields a shortbow.
The centaur warrior shoots an arrow.
The arrow hits you!
You die...

###### _[#__# .)#._#
###+## .....# .....#
####'#
_#...#+#############
_#...#.%§§§§§#.)@..+
_#...#.#≈§§#§#.#.c.#
_#...'.#§§§#.#.#..c#
.+...#.#§§§#...#...#
▓▓▓▓▓▓▓▓▓▓▓▓▓▓▓▓▓▓▓#


You could see a centaur warrior (blind) and a centaur (blind).

Vanquished Creatures
  Snorg (D)
  A deep elf priest (D)
  A shadow (D)
  A spatial vortex (D)
  A necrophage (D)
  A centaur (D)
  An earth elemental (D)
  A water elemental (D)
  A wizard (D)
  Crazy Yiuf (D)
  A jelly (D)
  Jessica (D)
  A necromancer (D)
  A kobold demonologist (D)
  3 humans (D)
  2 oozes (D)
  A rat (D)
20 creatures vanquished.

Vanquished Creatures (others)
  2 draconian scorchers (D)
  2 yaktaurs (D)
  2 plants (D)
6 creatures vanquished.

Grand Total: 26 creatures vanquished

Notes
Turn   | Place    | Note
--------------------------------------------------------------
     0 | D        | Kidiri the Spriggan Enchanter began the quest for the Orb.
     0 | D        | Reached XP level 1. HP: 9/9 MP: 5/5
    11 | D        | Reached skill level 5 in Stealth
    15 | D        | Reached XP level 2. HP: 7/13 MP: 5/7
    19 | D        | Learned a level 2 spell: Ensorcelled Hibernation
   165 | D        | Noticed Jessica
   172 | D        | Killed a white draconian scorcher
   174 | D        | Killed Jessica
   174 | D        | Reached skill level 5 in Dodging
   174 | D        | Reached skill level 6 in Stealth
   174 | D        | Reached XP level 3. HP: 11/16 MP: 5/9
   175 | D        | Killed a white draconian scorcher
   183 | D        | Learned a level 3 spell: Confuse
   187 | D        | Learned a level 3 spell: Tukima's Dance
   303 | D        | Reached skill level 1 in Ice Magic
   469 | D        | Noticed Crazy Yiuf
   476 | D        | Killed Crazy Yiuf
   476 | D        | Reached skill level 7 in Stealth
   476 | D        | Reached skill level 5 in Spellcasting
   476 | D        | Reached skill level 5 in Hexes
   476 | D        | Reached XP level 4. HP: 21/21 MP: 9/12
   481 | D        | Learned a level 3 spell: Dazzling Spray
   507 | D        | Gained mutation: You have large cloven feet. [potion of mutation]
   507 | D        | Gained mutation: You are partially covered in molten scales (AC +1). [potion of mutation]
   507 | D        | Gained mutation: Your muscles are strong. (Str +2) [potion of mutation]
   508 | D        | Gained mutation: You are resistant to hostile enchantments. [potion of mutation]
   604 | D        | Noticed a water elemental
   607 | D        | Killed a water elemental
   607 | D        | Reached skill level 8 in Stealth
   607 | D        | Reached skill level 1 in Conjurations
   607 | D        | Reached XP level 5. HP: 24/24 MP: 12/14
   617 | D        | Noticed a jelly
   618 | D        | Noticed a shadow
   620 | D        | Killed a shadow
   620 | D        | Reached skill level 9 in Dodging
   620 | D        | Reached skill level 10 in Stealth
   620 | D        | Reached XP level 6. HP: 28/28 MP: 13/17
   630 | D        | Killed a jelly
   655 | D        | Killed a yaktaur
   771 | D        | Found a stormy altar of Qazlal.
   771 | D        | Noticed a spatial vortex
   772 | D        | Found a sacrificial altar of Ru.
   772 | D        | Found a burning altar of Makhleb.
   772 | D        | Found a viscous altar of Jiyva.
   772 | D        | Found a shimmering altar of Xom.
   772 | D        | Found a shadowy altar of Dithmenos.
   772 | D        | Found a sparkling altar of Nemelex Xobeh.
   772 | D        | Found a corrupted altar of Lugonu.
   772 | D        | Found an opulent altar of Gozag.
   776 | D        | Became a worshipper of Dithmenos the Shadowed
   811 | D        | Killed a spatial vortex
   811 | D        | Reached skill level 5 in Short Blades
   811 | D        | Reached skill level 10 in Dodging
   811 | D        | Reached skill level 11 in Stealth
   811 | D        | Reached skill level 1 in Invocations
  1045 | D        | Killed a yaktaur
  1095 | D        | Found a radiant altar of Vehumet.
  1096 | D        | Noticed a wizard
  1104 | D        | Killed a wizard
  1106 | D        | Reached XP level 7. HP: 30/32 MP: 10/20
  1107 | D        | Found a deep blue altar of Sif Muna.
  1107 | D        | Found an ancient bone altar of Kikubaaqudgha.
  1129 | D        | Learned a level 3 spell: Mephitic Cloud
  1136 | D        | Learned a level 6 spell: Freezing Cloud
  1173 | D        | Found a glowing silver altar of Zin.
  1174 | D        | Found a glowing golden altar of the Shining One.
  1174 | D        | Found a white marble altar of Elyvilon.
  1174 | D        | Noticed a deep elf priest
  1176 | D        | Killed a deep elf priest
  1176 | D        | Reached skill level 12 in Stealth
  1176 | D        | Reached skill level 1 in Air Magic
  1176 | D        | Reached skill level 1 in Poison Magic
  1187 | D        | Found an iron altar of Okawaru.
  1188 | D        | Found a bloodstained altar of Trog.
  1188 | D        | Noticed a human
  1188 | D        | Noticed a human
  1196 | D        | Killed a human
  1200 | D        | Killed a human
  1200 | D        | Reached XP level 8. HP: 33/36 MP: 2/22
  1368 | D        | Found a snail-covered altar of Cheibriados.
  1368 | D        | Noticed a necrophage
  1369 | D        | Found a basalt altar of Yredelemnul.
  1369 | D        | Found a blossoming altar of Fedhas.
  1369 | D        | Noticed a necromancer
  1370 | D        | Killed a necrophage
  1371 | D        | Killed a necromancer
  1371 | D        | Acquired Dithmenos's first power
  1391 | D        | Noticed Snorg
  1403 | D        | Killed Snorg
  1403 | D        | Reached skill level 13 in Stealth
  1403 | D        | Reached skill level 10 in Spellcasting
  1495 | D        | Noticed an earth elemental
  1498 | D        | Killed an earth elemental
  1498 | D        | Reached XP level 9. HP: 39/39 MP: 24/24
  1506 | D        | Learned a level 6 spell: Poisonous Cloud
  1597 | D        | Noticed a centaur
  1599 | D        | Killed a centaur
  1601 | D        | Noticed a centaur warrior
  1601 | D        | Noticed a centaur
  1608 | D        | Shot with an arrow by a centaur warrior

Vault maps used:
D:        dungeon_sprint_mu

Action                   |  1- 3 |  4- 6 |  7- 9 || total
-------------------------+-------+-------+-------++-------
Melee: Dagger            |    18 |    29 |    17 ||    64
 Cast: Ensorcelled Hiber |     4 |     7 |     7 ||    18
       Confuse           |     1 |     1 |     1 ||     3
       Dazzling Spray    |       |     6 |     8 ||    14
  Use: Scroll            |       |     3 |       ||     3
       Potion            |       |     2 |       ||     2
 Stab: Sleeping          |     4 |     4 |     7 ||    15
       Invisible         |       |       |     1 ||     1
